 Dungeon Crawl Stone Soup version 0.25-a0-834-g55863b0b92 (webtiles) character file.

Game seed: 2737112226044767738, levelgen mode: deterministic

702 Maedhros the Charlatan (level 7, -4/45 HPs)
             Began as an Octopode Artificer on Apr 22, 2020.
             Slain by a killer bee (7 damage)
             ... on level 7 of the Dungeon.
             The game lasted 00:11:21 (1310 turns).

Maedhros the Charlatan (Octopode Artificer)         Turns: 1310, Time: 00:11:21

Health: -4/45      AC:  1    Str: 12    XL:     7   Next: 66%
Magic:  10/10      EV: 14    Int: 13    God:
Gold:   146        SH:  4    Dex: 14    Spells: 6/6 levels left

rFire    + . .     SeeInvis .     - Unarmed
rCold    + . .     Gourm    .   r - +0 buckler
rNeg     . . .     Faith    .   s - +0 hat
rPois    +         Spirit   .   (no amulet)
rElec    +         Reflect  .   (no ring)
rCorr    +         Harm     .   (no ring)
MR       .....                  (no ring)
Stlth    ++++......             (no ring)
HPRegen  0.15/turn              (no ring)
MPRegen  0.12/turn              (no ring)
                                (no ring)
                                (no ring)

@: resistant, stab
A: almost no armour, stealthy swim, amphibious, 8 rings, constrict 8, camouflage
1, gelatinous body 1
a: no special abilities


You were on level 7 of the Dungeon.
You were not hungry.

You visited 1 branch of the dungeon, and saw 7 of its levels.
You also visited: Sewer.

You collected 146 gold pieces.

Inventory:

Hand Weapons
 a - a +0 short sword
 B - the cursed +1 hunting sling of Sunlight {flame, +Inv rN+, unknown}
   (You found it on level 7 of the Dungeon)

   It causes projectiles fired from it to burn those they strike, causing extra
   injury to most foes and up to half again as much damage against particularly
   susceptible opponents.
   It protects you from negative energy.
   It lets you turn invisible.
   It has a curse placed upon it.
Missiles
 i - 4 poisoned darts (quivered)
 w - a throwing net
 y - 4 boomerangs
Armour
 r - a +0 buckler (worn)
 s - a +0 hat (worn)
Wands
 b - a wand of flame (2)
 c - a wand of enslavement (3)
 d - a wand of random effects (3)
 z - a wand of paralysis (5)
 C - a wand of disintegration (9)
Scrolls
 h - 3 scrolls of teleportation {unknown}
 j - a scroll of identify {unknown}
 k - a scroll of amnesia {unknown}
 n - 2 scrolls of fog {unknown}
 t - a scroll of vulnerability {unknown}
 u - a scroll of noise {unknown}
 v - a scroll of remove curse {unknown}
 x - a scroll of random uselessness {unknown}
Potions
 e - a potion of curing {unknown}
 g - a potion of magic {unknown}
 m - a potion of haste {unknown}
 o - 4 potions of flight
 p - a potion of invisibility {unknown}
 q - a potion of stabbing
Comestibles
 f - 3 rations
 A - 6 chunks of flesh


   Skills:
 + Level 2.4 Fighting
 - Level 1.0 Short Blades
 + Level 3.1 Dodging
 + Level 4.9 Stealth
 + Level 2.0 Shields
 * Level 4.7 Unarmed Combat
 + Level 5.0 Evocations


You had 6 spell levels left.
You didn't know any spells.
Your spell library was empty.

Dungeon Overview and Level Annotations

Branches:
Dungeon (7/15)              Sewer (visited)
 Temple: D:4-7

Altars:
Ashenzari
Elyvilon

Annotations:
D:7 exclusion: spriggan


Innate Abilities, Weirdness & Mutations

You cannot wear most types of armour.
You are very stealthy in the water. (Stealth+)
You are amphibious.
You can wear up to eight rings at the same time.
You can use your tentacles to constrict eight enemies at once.
Your skin changes colour to match your surroundings (Stealth+).
Your rubbery body absorbs attacks. (AC +1, EV +1)


Message History

Your killer bee closely misses the killer bee.
The bullfrog hits you but does no damage.
The killer bee stings your killer bee!
Your killer bee dies!
The killer bee looks stronger.
Evoke which item? (* to show all) (? for menu, Esc to quit)
Okay, then.
Sorry, you're not good enough to have a special ability.
Okay, then.
Okay, then.
Evoke which item? (* to show all) (? for menu, Esc to quit)
Aiming: Enslavement
Press: ? - help, Shift-Dir - straight line, f - killer bee
Aim: a killer bee (chance to defeat MR: 69%)
The killer bee is charmed.
You constrict the bullfrog. The bullfrog hits you.
* * * LOW HITPOINT WARNING * * *
The hound zombie bites you.
* * * LOW HITPOINT WARNING * * *
The killer bee stings you!
You die...

### ## #..# ##.## #...
#....# #...## ###....#
#....####......#
#.....##.....# ###
..##....##.....# #..
...)..y@#......### ##..
#.....yFZ.###....## #...
#..........#......###...
..................##....
..................##....
(..#...............#....
...##.................##
.. .....#...........>##
.Z###.#...#....##...#


You could see a bullfrog, a killer bee, a hound zombie and a friendly killer
bee.

Vanquished Creatures
  A phantom (D:7)
  2 ogres
  A water moccasin zombie (D:6)
  A scorpion (D:7)
  A howler monkey (D:6)
  A crimson imp (D:5)
  An orc priest (D:7)
  An iguana (D:5)
  2 adders (D:4)
  2 worker ants (D:7)
  A worker ant zombie (D:6)
  4 gnolls (D:5)
  2 river rats (D:4)
  4 oozes
  An adder zombie (D:5)
  4 worms
  4 leopard geckos
  4 orcs
  2 ball pythons (Sewer)
  4 bats
  3 giant cockroaches
  A goblin (D:2)
  6 jackals
  2 quokkas
  A kobold (D:3)
56 creatures vanquished.

Vanquished Creatures (collateral kills)
  A hound (D:4)
  An ooze (D:4)
  2 orcs (D:7)
  A frilled lizard (D:4)
5 creatures vanquished.

Vanquished Creatures (others)
  2 killer bees (D:7)
  2 jackals (D:5)
4 creatures vanquished.

Grand Total: 65 creatures vanquished

Notes
Turn   | Place    | Note
-------+----------+-------------------------------------------
     0 | D:1      | Maedhros the Octopode Artificer began the quest for the
                  | Orb.
     0 | D:1      | Reached XP level 1. HP: 13/13 MP: 3/3
    74 | D:4      | Found a shattered altar of Ashenzari.
    95 | D:5      | Entered Level 5 of the Dungeon
    96 | D:5      | Reached skill level 1 in Unarmed Combat
    96 | D:5      | Reached XP level 2. HP: 10/18 MP: 4/4
    98 | D:5      | Reached XP level 3. HP: 14/23 MP: 5/5
   103 | D:5      | Noticed a bullfrog
   170 | D:4      | Reached XP level 4. HP: 17/28 MP: 6/6
   180 | D:4      | Reached skill level 4 in Evocations
   229 | D:4      | Found a white marble altar of Elyvilon.
   349 | D:4      | Found a glowing drain.
   353 | Sewer    | Entered a sewer
   366 | Sewer    | Reached XP level 5. HP: 12/33 MP: 8/8
   900 | D:5      | Reached XP level 6. HP: 12/38 MP: 9/9
   926 | D:5      | Noticed a phantom
  1003 | D:6      | Reached skill level 1 in Shields
  1068 | D:7      | Noticed a spriggan baker
  1092 | D:7      | Reached XP level 7. HP: 19/44 MP: 10/10
  1257 | D:7      | Got a slimy hunting sling
  1280 | D:7      | Reached skill level 5 in Evocations
  1310 | D:7      | Slain by a killer bee

Levels and vault maps discovered:
D:1:      dpeg_arrival_refuge, layout_basic, minmay_pentomino_q4
D:2:      layout_loops_ring, grunt_ministairs_15, makhleb_heckhound_becter
D:3:      layout_basic, lemuel_coloured_pillars_altar, roderic_serpentine_path
D:4:      layout_rooms, cheibrodos_ashenzari_chains, elyvilon_altar_4,
          gup_sewer_entry_bowl
D:5:      layout_gridville, minmay_temple_entry_arrows, first_ration
D:6:      hangedman_cross_stitches, layout_basic,
          grunt_temple_overflow_champion_of_chaos,
          chequers_temple_overflow_statue_of_worship
D:7:      layout_cave_pools, the_bakery, nicolae_gozag_zags_fifth_avenue

Skill      XL: |  1  2  3  4  5  6  7 |
---------------+----------------------+-----
Stealth        | 2 3 4 |  4.9
Unarmed Combat | 1 2 3 4 |  4.7
Evocations     | 4 5 |  5.0
Shields        | 1 2 |  2.0
Fighting       | 2 |  2.4
Dodging        | 3 |  3.1
Short Blades   | |  1.0

Action                   |  1- 3 |  4- 6 |  7- 9 || total
-------------------------+-------+-------+-------++-------
Melee: Short sword       |    11 |   105 |     5 ||   121
       Constrict         |     1 |    24 |     4 ||    29
       Tentacles         |     1 |    26 |     4 ||    31
       Punch             |       |     2 |       ||     2
       Unarmed           |       |       |     7 ||     7
Throw: Dart              |       |     8 |     5 ||    13
Evoke: Wand              |    11 |    14 |    14 ||    39
  Use: Scroll            |     1 |       |       ||     1
       Potion            |       |     1 |     2 ||     3
 Stab: Sleeping          |     2 |     6 |       ||     8
       Betrayed ally     |       |     1 |       ||     1
       Paralysed         |       |       |     2 ||     2
  Eat: Chunk             |       |       |     1 ||     1
Armor: Skin              |       |     7 |     1 ||     8
Dodge: Dodged            |    12 |    51 |     3 ||    66
Block: Buckler           |       |     5 |     6 ||    11

Table legend:
 A = Non-vault XP
 B = Vault XP
 C = Vault XP percentage of total XP
 D = Non-vault monster count
 E = Vault monster count
 F = Vault count percentage of total count
                 A         B        C        D         E       F
            +---------+---------+-------+---------+---------+-------
      Total |     907 |      97 |   9.7 |      37 |      23 |  38.3
            +---------+---------+-------+---------+---------+-------
        D:2 |       4 |       0 |   0.0 |       2 |       0 |   0.0
        D:3 |       1 |       0 |   0.0 |       1 |       0 |   0.0
        D:4 |      67 |      34 |  33.7 |       8 |       4 |  33.3
        D:5 |     151 |       0 |   0.0 |      10 |       0 |   0.0
        D:6 |     267 |       0 |   0.0 |       5 |       0 |   0.0
        D:7 |     417 |       0 |   0.0 |      11 |       0 |   0.0
      Sewer |       0 |      63 | 100.0 |       0 |      19 | 100.0
            +---------+---------+-------+---------+---------+-------
